 Dungeon Crawl Stone Soup version 0.32-a0-711-g016ad743e0 (webtiles) character file.

Game seed: 8159674767820498754

119264 draino the Spry (level 16, -8/87 HPs)
             Began as a Felid Shapeshifter on Mar 13, 2024.
             Was an Initiate of Gozag.
             Blown up by an orb spider (26 damage)
             ... with a wavering orb of destruction
             ... on level 1 of the Spider Nest on Mar 15, 2024.
             The game lasted 04:43:56 (36540 turns).

draino the Spry (Felid Shapeshifter)               Turns: 36540, Time: 04:43:57

Health: -8/87      AC:  3    Str: 10    XL:     16   Next: 27%
Magic:  21/21      EV: 41    Int: 21    God:    Gozag
Gold:   2791       SH:  5    Dex: 30    Spells: 15/21 levels left
                                        Lives:  0   Deaths: 6

rFire   + +          .
                       - Unarmed
rCold   + + .        (shield unavailable)
rNeg    + . .        (body armour unavailable)
rPois   +            (helmet unavailable)
rElec   +            (cloak unavailable)
rCorr   .            (gloves unavailable)
SInv    +            (boots unavailable)
Will    ++...        k - amulet "Giutejo" {Reflect rN+ SH+5 Stlth+}
Stlth   +++++        j - ring of Usuoriuj {+Blink rElec rF+ Dex+4}
HPRegen 0.34/turn    O - ring of the Archfiend {+Blink rElec rF+ rC+}
MPRegen 0.17/turn

%: reflection
@: blade hands, flying, studying Necromancy
A: very small, (claws 1), fangs 3, see invisible, shaggy fur 3, (stealthy paws),
no weapons or thrown items, no armour, multi-lived
a: Begin Untransformation, Renounce Religion, Evoke Blink, Potion Petition, Call
Merchant, Bribe Branch


You were on level 1 of the Spider Nest.
You worshipped Gozag.
Gozag was most pleased with you.
You had blades for front paws.
You visited 5 branches of the dungeon, and saw 21 of its levels.
You also visited: Bailey, Gauntlet, Ice Cave and Volcano.

You collected 8894 gold pieces.
You spent 4522 gold pieces at shops.
You paid 1581 gold pieces to Gozag.

Inventory:

Jewellery
 b - the ring of Makhleb's Approval {Will+ Int+2}
   (You bought it in a shop on level 4 of the Lair of Beasts)

   [ring of willpower]

   Int+2:     It affects your intelligence (+2).
   Will+:     It increases your willpower.
 e - the ring of the Scavenger {*Corrode rN++ MP+9 Slay+2}
   (You found it on level 1 of the Lair of Beasts)

   [ring of magical power]

   Slay+2:    It affects your accuracy & damage with ranged weapons and melee
   (+2).
   rN++:      It greatly protects you from negative energy.
   MP+9:      It affects your magic capacity (+9).
   *Corrode:  It may corrode you when you take damage.
 j - the ring of Usuoriuj (left blade hand) {+Blink rElec rF+ Dex+4}
   (You found it on level 2 of the Dungeon)

   [ring of protection from fire]

   Dex+4:     It affects your dexterity (+4).
   rF+:       It protects you from fire.
   rElec:     It insulates you from electricity.
   +Blink:    It lets you blink.
 k - the amulet "Giutejo" (around neck) {Reflect rN+ SH+5 Stlth+}
   (You found it on level 2 of the Dungeon)

   [amulet of reflection]

   Reflect:   It reflects blocked missile attacks.
   rN+:       It protects you from negative energy.
   SH+5:      It affects your SH (+5).
   Stlth+:    It makes you more stealthy.
 u - the ring of Light {Fly rF+++ Will- Slay+2}
   (You found it on level 1 of the Spider Nest)

   [ring of flight]

   Slay+2:    It affects your accuracy & damage with ranged weapons and melee
   (+2).
   rF+++:     It renders you almost immune to fire.
   Will-:     It decreases your willpower.
   Fly:       It grants you flight.
 H - a +4 ring of slaying
 M - a ring of resist corrosion
 O - the ring of the Archfiend (right blade hand) {+Blink rElec rF+ rC+}
   (You found it in a Gauntlet)

   [ring of protection from cold]

   rF+:       It protects you from fire.
   rC+:       It protects you from cold.
   rElec:     It insulates you from electricity.
   +Blink:    It lets you blink.
Talismans
 l - the blade talisman of Light (active) {Fly rPois Dex+9}
   (You bought it in a shop on level 4 of the Lair of Beasts)

   [blade talisman]

   Dex+9:     It affects your dexterity (+9).
   rPois:     It protects you from poison.
   Fly:       It grants you flight.
Wands
 d - a wand of charming (12)
 n - a wand of flame (68)
 z - a wand of digging (6)
 A - a wand of mindburst (12)
 D - a wand of iceblast (16)
 G - a wand of polymorph (6)
 Q - a wand of light (3)
Scrolls
 a - 9 scrolls of teleportation
 p - 3 scrolls of revelation
 q - 6 scrolls of blinking
 r - a scroll of silence
 t - 5 scrolls of fear
 w - a scroll of fog
 y - 2 scrolls of poison
Potions
 c - 2 potions of magic
 f - a potion of haste
 g - a potion of lignification
 h - 2 potions of might
 i - 6 potions of brilliance
 m - 5 potions of enlightenment
 o - 3 potions of curing
 s - a potion of resistance
 v - 2 potions of cancellation
 B - 4 potions of berserk rage
 J - a potion of heal wounds
Miscellaneous
 F - a phantom mirror (inert)
 I - a condenser vane
 L - a phial of floods (inert)
 N - a lightning rod (4/4)
 P - a box of beasts


   Skills:
 - Level 11.0 Fighting
 - Level 18.0 Dodging
 - Level 5.0 Stealth
 * Level 12.4 Unarmed Combat
 - Level 3.0 Spellcasting
 - Level 4.0 Ice Magic
 - Level 3.0 Evocations
 - Level 17.0 Shapeshifting


You had 15 spell levels left.
You knew the following spells:

 Your Spells              Type           Power      Damage    Failure   Level
o - Ozocubu's Armour      Ice            19%        N/A       8%          3
r - Frozen Ramparts       Ice            38%        1d6       8%          3

Your spell library contained the following spells:

 Spells                   Type           Power      Damage    Failure   Level
 Freeze                   Ice            76%        1d8       2%          1
 Hailstorm                Conj/Ice       11%        3d6       17%         3
 Blink                    Tloc           6%         N/A       21%         2
 Lesser Beckoning         Tloc           6%         N/A       21%         2
 Mercury Vapours          Alch/Air       6%         N/A       21%         2
 Momentum Strike          Conj/Tloc      6%         3d8       21%         2
 Dazzling Flash           Conj/Hex       6%         N/A       36%         3
 Inner Flame              Hex/Fire       3%         N/A       36%         3
 Mephitic Cloud           Conj/Alch/Air  3%         N/A       36%         3
 Brom's Barrelling Bould  Conj/Erth      3%         2d3       78%         4
 Cause Fear               Hex            1%         N/A       78%         4
 Passage of Golubria      Tloc           3%         N/A       78%         4
 Metabolic Englaciation   Hex/Ice        5%         N/A       85%         5
 Freezing Cloud           Conj/Ice/Air   4%         6-21      91%         5
 Borgnjor's Vile Clutch   Necr/Erth      1%         N/A       98%         5
 Curse of Agony           Necr           3%         N/A       98%         5
 Fireball                 Conj/Fire      1%         3d3       98%         5
 Irradiate                Conj/Alch      1%         3d12      98%         5
 Iskenderun's Battlesphe  Conj           3%         2d6       98%         5
 Silence                  Hex/Air        1%         N/A       98%         5
 Conjure Ball Lightning   Conj/Air       1%         3x3d6     100%        6
 Death Channel            Necr           1%         N/A       100%        6
 Orb of Destruction       Conj           1%         9d5       100%        7
 Ignition                 Fire           1%         3d3       100%        8
 Lehudib's Crystal Spear  Conj/Erth      1%         10d2      100%        8
 Dragon's Call            Summ           1%         N/A       100%        9
 Animate Dead             Necr           Unusable   N/A       N/A         4

Dungeon Overview and Level Annotations

Branches:
Dungeon (12/15)            Temple (1/1) D:6            Lair (5/5) D:8
  Swamp (0/4) Lair:3       Spider (1/4) Lair:3        Slime (0/5) Lair:4
    Orc (2/2) D:12            Elf (0/3) Orc:2        Bailey (visited)
  IceCv (visited)         Volcano (visited)         Gauntlet (visited)

Altars:
Ashenzari
Cheibriados
Dithmenos
Elyvilon
Fedhas
Gozag
Hepliaklqana
Kikubaaqudgha
Makhleb
Nemelex Xobeh
Okawaru
Qazlal
Ru
Sif Muna
Trog
Uskayaw
Vehumet
Wu Jian
Xom
Yredelemnul
Zin
The Shining One
Beogh
Jiyva
Lugonu

Shops:
D:8 [   Orc:2 *((??   Lair:4 =

Portals:
Abyss: Lair:5


Innate Abilities, Weirdness & Mutations

You have blades for front paws.
((You have sharp claws.))
You have razor-sharp teeth.
You have supernaturally acute eyesight. (SInv)
Your thick and shaggy fur keeps you warm. (AC +3, rC+)
((Your paws help you pounce on unaware monsters.))
You are incapable of wielding weapons or throwing items.
You cannot wear armour.
You gain extra lives every three experience levels.


Message History

The culicivora closely misses you.
You barely miss the culicivora.
The culicivora is lightly wounded.
The wall freezes the culicivora.
The culicivora bites you!
The culicivora draws strength from your injuries!
You hit the culicivora.
The culicivora is lightly wounded.
The wall freezes the culicivora.
The culicivora barely misses you.
You hit the culicivora.
The culicivora is lightly wounded.
The wall freezes the culicivora.
The culicivora completely misses you.
The wall freezes the culicivora.
You block the culicivora's attack.
You slash the culicivora!
The culicivora is heavily wounded.
The wall freezes the culicivora.
The culicivora is distracted by your dazzling golden aura.
You slice the culicivora!!
You kill the culicivora!
Your icy armour cracks and falls away as you move.
The frozen ramparts melt away as you move.
You now have 2791 gold pieces (gained 31).
You start resting.
HP restored.
You start resting.
An orb spider is nearby!
The orb spider's many legs skitter faintly.
The orb spider weaves a glowing orb of energy.
An orb of destruction comes into view.
The orb spider spins a strand of pure energy.
The orb of destruction hits you!!!!
Ouch! That really hurt!
* * * LOW HITPOINT WARNING * * *
You start resting.
An orb spider is nearby!
You catch the helpless orb spider completely off-guard!
You slice the orb spider!!
The orb spider is heavily wounded.
The orb spider weaves a glowing orb of energy.
The wavering orb of destruction weakly hits you!!
You die...

#................###
#..................#
..................##
...................#
....^..............#
##.................#
###.......[.......#
................## #
#^###########...@##
# ### ##.s## ## ..##
##.## ##### #. ...##
##.#####...## #.
...^# ##.....s...##
#. ....#
#######....## #.
....# #.°...####^
....# #...°...#..
....# #..........


You could see an orb spider.

Vanquished Creatures
  Saint Roka (Orc:2)
  Frances (D:12)
  A storm dragon (D:10)
  An orc warlord (Orc:2)
  4 stone giants (Volcano)
  A minotaur (Gauntlet)
  Azrael (Spider:1)
  A spark wasp (D:10)
  A fire dragon (D:11)
  Snorg (D:12)
  Harold (D:9)
  Josephine (Orc:2)
  A jorogumo (Spider:1)
  3 hydras
  A radroach (Spider:1)
  3 centaur warriors (D:11)
  7 boulder beetles
  5 two-headed ogres (D:11)
  3 death yaks (Lair:5)
  Urug (Lair:2)
  3 thrashing horrors (Lair:5)
  A demonic crawler (Spider:1)
  3 shock serpents (D:10)
  Sonja (Lair:4)
  A skeletal warrior (D:11)
  A skyshark (Lair:3)
  2 sixfirhies (D:10)
  2 pharaoh ants (Spider:1)
  A sun moth (Spider:1)
  3 orc knights
  Pikel (D:9)
  A steelbarb worm (Spider:1)
  2 lindwurms
  2 large abominations (Lair:5)
  2 oklob plants (Gauntlet)
  A necromancer (IceCv)
  3 wolf spiders (Spider:1)
  A deep elf pyromancer (D:12)
  An orc sorcerer (Orc:1)
  A cyclops (D:11)
  6 ugly things
  7 kobold blastminers
  A moth of wrath (shapeshifter) (Lair:5)
  3 manticores (D:11)
  6 black mambas
  18 elephants
  7 gargoyles
  2 torpor snails
  An ice statue (IceCv)
  7 cane toads
  A smoke demon (Lair:5)
  A rime drake (Lair:3)
  6 freezing wraiths
  10 ice devils (IceCv)
  7 efreet
  9 komodo dragons
  3 unseen horrors (D:11)
  A tengu conjurer (D:10)
  A kobold demonologist (D:10)
  4 trolls
  2 polar bears
  8 tarantellas (Spider:1)
  A tyrant leech (Gauntlet)
  3 hornets
  5 dream sheep
  15 blink frogs
  3 raiju
  10 culicivoras
  7 centaur simulacra
  2 ynoxinuls (Lair:5)
  16 jumping spiders
  3 shadows
  7 wraiths
  4 wyverns
  A vampire (D:11)
  2 spriggans (Lair:5)
  7 fire elementals
  10 basilisks
  2 dire elephant simulacra (IceCv)
  42 yaks
  6 wargs
  A chaos spawn (Lair:5)
  3 death yak simulacra (IceCv)
  5 steam dragons
  25 redbacks
  9 acid dragons
  4 swamp worms (Gauntlet)
  3 hydra simulacra (IceCv)
  3 hell hounds (Spider:1)
  13 small abominations (Lair:5)
  9 water moccasins
  A meliai simulacrum (D:12)
  41 orc warriors
  7 ice beasts
  A black bear (Lair:4)
  A sky beast (D:6)
  7 ogres
  A wolf (shapeshifter) (Lair:5)
  32 wolves
  13 centaurs
  A lemure (D:9)
  2 phantoms
  11 bullfrogs
  A gnoll sergeant (D:11)
  2 earth elementals (Volcano)
  A scorpion (D:5)
  A two-headed ogre simulacrum (IceCv)
  4 cane toad simulacra (IceCv)
  9 wights
  4 elephant simulacra (IceCv)
  17 killer bees
  6 electric eels
  5 howler monkeys
  2 lava snakes (Lair:1)
  2 bombardier beetles
  13 orc priests
  6 hounds
  2 jellies
  A sleepcap (D:5)
  Jessica (D:2)
  2 iguanas
  14 orc wizards
  4 hell rats (Lair:1)
  5 polar bear simulacra (IceCv)
  A spriggan simulacrum (IceCv)
  2 troll simulacra (IceCv)
  4 wolf simulacra (IceCv)
  5 gnolls
  5 adders
  12 white imps
  4 ufetubi
  A dart slug (D:2)
  2 ribbon worms
  63 orcs
  7 ball pythons
  16 endoplasms
  5 giant cockroaches
  15 goblins
  7 hobgoblins
  3 quokkas
  4 bats
  4 frilled lizards
  24 kobolds
  4 rats (D:1)
812 creatures vanquished.

Vanquished Creatures (collateral kills)
  A skyshark (Lair:5)
  Jeremiah (D:6)
  An orc (Orc:2)
3 creatures vanquished.

Vanquished Creatures (others)
  An orc warrior (Orc:2)
  A white imp (D:12)
2 creatures vanquished.

Grand Total: 817 creatures vanquished

Notes
Turn   | Place    | Note
-------+----------+-------------------------------------------
     0 | D:1      | draino the Felid Shapeshifter began the quest for the Orb.
     0 | D:1      | Reached XP level 1. HP: 10/10 MP: 2/2
   189 | D:1      | Reached XP level 2. HP: 14/14 MP: 3/3
   839 | D:2      | Reached XP level 3. HP: 11/18 MP: 4/4
  1234 | D:2      | Noticed Jessica
  1235 | D:2      | Reached skill level 3 in Dodging
  1235 | D:2      | Reached skill level 1 in Stealth
  1243 | D:2      | Killed Jessica
  1244 | D:2      | Reached XP level 4. HP: 20/23 MP: 5/5
  1244 | D:2      | Gained a life (2 lives remaining)
  1270 | D:2      | Reached skill level 4 in Dodging
  1446 | D:2      | Identified the ring of Usuoriuj {+Blink rElec rF+ Dex+4}
  1462 | D:2      | Identified the amulet "Giutejo" {Reflect rN+ SH+5 Stlth+}
  1640 | D:3      | Learned a level 3 spell: Ozocubu's Armour
  1696 | D:3      | Reached XP level 5. HP: 26/26 MP: 6/6
  1855 | D:3      | Noticed an ogre
  2012 | D:3      | Reached skill level 5 in Dodging
  2939 | D:4      | Noticed an ogre
  2965 | D:4      | Killed an ogre
  2966 | D:4      | Reached skill level 6 in Dodging
  2966 | D:4      | Reached skill level 1 in Spellcasting
  2966 | D:4      | Reached skill level 1 in Ice Magic
  2966 | D:4      | Gained mutation: You are covered in thick fur. (AC +2)
                  | [Felid growth]
  2966 | D:4      | Reached XP level 6. HP: 18/30 MP: 6/8
  3132 | D:5      | Entered Level 5 of the Dungeon
  3429 | D:5      | Noticed an ice beast
  3806 | D:5      | Slain by a killer bee
  3806 | D:5      | Lost a life (1 life remaining)
  3912 | D:5      | Reached XP level 7. HP: 35/35 MP: 9/11
  3912 | D:5      | Gained a life (2 lives remaining)
  3924 | D:5      | Reached skill level 5 in Shapeshifting
  4655 | D:6      | Reached skill level 7 in Dodging
  4655 | D:6      | Reached XP level 8. HP: 39/39 MP: 11/13
  4783 | D:6      | Noticed Jeremiah
  4883 | D:6      | Reached skill level 8 in Dodging
  5174 | D:6      | Reached skill level 9 in Dodging
  5218 | D:6      | Found a staircase to the Ecumenical Temple.
  5225 | Temple   | Entered the Ecumenical Temple
  5243 | Temple   | Became a worshipper of Gozag Ym Sagoz the Greedy
  5958 | D:7      | Reached XP level 9. HP: 14/42 MP: 11/14
  5959 | D:7      | HP: 1/42 [orc warrior/+0 trident (11)]
  6485 | D:7      | Reached skill level 10 in Dodging
  6834 | D:8      | Found Mesif's Antique Armour Boutique.
  6912 | D:8      | Reached skill level 11 in Dodging
  7076 | D:8      | Paralysed by a hornet for 1 turns
  7085 | D:8      | Reached skill level 12 in Dodging
  7219 | D:8      | Found a flagged portal.
  7226 | Bailey   | Entered a bailey
  7231 | Bailey   | Learned a level 3 spell: Frozen Ramparts
  7622 | Bailey   | Reached XP level 10. HP: 43/49 MP: 12/15
  8291 | D:8      | Found a staircase to the Lair.
  8399 | D:8      | Reached skill level 5 in Fighting
  8933 | D:9      | Noticed a brown ugly thing
  9087 | D:9      | Slain by a brown ugly thing
  9087 | D:9      | Lost a life (1 life remaining)
  9190 | D:9      | Noticed a cyan ugly thing
  9208 | D:9      | Killed a cyan ugly thing
  9215 | D:9      | Reached skill level 10 in Shapeshifting
  9249 | D:9      | Noticed Harold
  9268 | D:9      | Killed Harold
  9410 | D:9      | Noticed Pikel
  9435 | D:9      | Killed Pikel
  9440 | D:9      | Reached skill level 5 in Unarmed Combat
  9440 | D:9      | Reached XP level 11. HP: 28/56 MP: 6/16
  9440 | D:9      | Gained a life (2 lives remaining)
  9614 | D:9      | Found a shimmering blue altar of Sif Muna.
  9614 | D:9      | Found a sparkling altar of Nemelex Xobeh.
  9622 | D:9      | Found a blossoming altar of Fedhas.
  9626 | D:9      | Found a burning altar of Makhleb.
 10548 | D:6      | Killed Jeremiah
 10715 | D:6      | Found a snail-covered altar of Cheibriados.
 11235 | Lair:1   | Entered Level 1 of the Lair of Beasts
 11252 | D:8      | Mangled by a cane toad
 11252 | D:8      | Lost a life (1 life remaining)
 11807 | Lair:1   | Reached skill level 13 in Dodging
 12051 | Lair:1   | Found a runed translucent door.
 12162 | Lair:1   | Reached skill level 14 in Dodging
 12409 | Lair:1   | Reached skill level 15 in Dodging
 12985 | Lair:1   | Found a runed translucent gate.
 12985 | Lair:1   | Found a runed translucent gate.
 12985 | Lair:1   | Found a runed translucent gate.
 12985 | Lair:1   | Found a runed translucent gate.
 12985 | Lair:1   | Found a runed translucent gate.
 12985 | Lair:1   | Found a runed translucent gate.
 12985 | Lair:1   | Noticed a boulder beetle
 12985 | Lair:1   | Noticed a lindwurm
 12985 | Lair:1   | Noticed a boulder beetle
 12985 | Lair:1   | Noticed a boulder beetle
 13132 | Lair:1   | Bought a scroll of immolation for 56 gold pieces
 13132 | Lair:1   | Bought a scroll of teleportation for 42 gold pieces
 13132 | Lair:1   | Bought a scroll of fear for 56 gold pieces
 13132 | Lair:1   | Bought a scroll of revelation for 105 gold pieces
 13132 | Lair:1   | Bought a scroll of amnesia for 56 gold pieces
 13132 | Lair:1   | Bought a scroll of vulnerability for 56 gold pieces
 13132 | Lair:1   | Bought a scroll of torment for 133 gold pieces
 13132 | Lair:1   | Bought a scroll of teleportation for 42 gold pieces
 13325 | Lair:1   | Gained mutation: Your thick and shaggy fur keeps you warm.
                  | (AC +3, rC+) [Felid growth]
 13325 | Lair:1   | Reached XP level 12. HP: 59/63 MP: 10/17
 14194 | Lair:2   | Noticed Urug
 14247 | Lair:2   | Slain by Urug
 14247 | Lair:2   | Lost a life (0 lives remaining)
 14260 | Lair:2   | Killed Urug
 14769 | Lair:2   | Upgraded the game from 0.32-a0-699-g1ee5eff69a to
                  | 0.32-a0-705-g60f233581c
 14921 | Lair:3   | Found a staircase to the Swamp.
 15071 | Lair:3   | Noticed an eight-headed hydra
 15120 | Lair:3   | Killed an eight-headed hydra
 15302 | Lair:2   | HP: 3/63 [black mamba (9)]
 16035 | Lair:3   | Found a hole to the Spider Nest.
 17529 | Lair:4   | Noticed a boulder beetle
 17681 | Lair:4   | Noticed Sonja
 17701 | Lair:4   | Killed Sonja
 17881 | Lair:3   | Killed a boulder beetle
 18194 | Lair:4   | Reached XP level 13. HP: 65/70 MP: 9/18
 18194 | Lair:4   | Gained a life (1 life remaining)
 18921 | Lair:4   | Reached skill level 5 in Stealth
 19508 | Lair:4   | Found a staircase to the Slime Pits.
 19508 | Lair:4   | Found a viscous altar of Jiyva.
 19668 | Lair:5   | Entered Level 5 of the Lair of Beasts
 19682 | Lair:4   | Reached skill level 10 in Fighting
 19868 | Lair:5   | Noticed Nessos
 19872 | Lair:5   | Nessos changed into Nessos the spriggan
 19872 | Lair:5   | Noticed Nessos
 19874 | Lair:5   | Killed Nessos the spriggan
 19951 | Lair:4   | Reached skill level 10 in Unarmed Combat
 20318 | Lair:5   | Reached skill level 16 in Dodging
 20476 | Lair:5   | HP: 3/72 [death yak (20)]
 20799 | Lair:4   | Bought the blade talisman of Light {Fly rPois Dex+9} for
                  | 1706 gold pieces
 21240 | Lair:5   | Reached skill level 17 in Dodging
 21854 | Lair:5   | Paralysed by a hornet for 3 turns
 21861 | Lair:5   | Reached skill level 18 in Dodging
 21872 | Lair:5   | Reached XP level 14. HP: 59/77 MP: 15/19
 22009 | Lair:5   | Found a corrupted altar of Lugonu.
 22009 | Lair:5   | Found a one-way gate to the infinite horrors of the Abyss.
 22009 | Lair:5   | Found the +12 glaive of Prune {freeze, Prune}
 22534 | Lair:4   | Bought the ring of Makhleb's Approval {Will+ Int+2} for 434
                  | gold pieces
 22676 | D:10     | Entered Level 10 of the Dungeon
 23143 | D:10     | Found a hide-covered altar of Uskayaw.
 23471 | D:10     | Found a runed translucent door.
 23474 | D:10     | Found a runed translucent door.
 23474 | D:10     | Found a runed translucent door.
 23474 | D:10     | Found the +5 Storm Queen's Shield {shock, Fly rElec}
 23547 | D:10     | Reached skill level 1 in Evocations
 23628 | D:10     | Found a runed translucent door.
 23778 | D:10     | Noticed a storm dragon
 23955 | D:11     | Found a frozen archway.
 23970 | IceCv    | Entered an ice cave
 24597 | IceCv    | Found an ancient bone altar of Kikubaaqudgha.
 25265 | IceCv    | Identified the +2 pair of gloves of Waymaixt {rCorr Slay+3}
 26603 | D:11     | Identified the +6 quarterstaff "Cacroet" {freeze, ^Fragile
                  | Will+ Str+3 Stlth+}
 27387 | D:12     | Reached XP level 15. HP: 82/82 MP: 16/20
 27469 | D:12     | Found a gate leading to a gauntlet.
 27497 | Gauntlet | Entered a Gauntlet
 27497 | Gauntlet | Found a transporter.
 27497 | Gauntlet | Found a transporter.
 27505 | Gauntlet | Found a transporter.
 27530 | Gauntlet | Found a transporter.
 27555 | Gauntlet | Found a transporter.
 27559 | Gauntlet | Found a transporter.
 27563 | Gauntlet | Found a large runed translucent door.
 27564 | Gauntlet | Found a large runed translucent door.
 27565 | Gauntlet | Found a large runed translucent door.
 27565 | Gauntlet | Found a large runed translucent door.
 27565 | Gauntlet | Found a large runed translucent door.
 27566 | Gauntlet | Found a runed translucent door.
 27579 | Gauntlet | Found a transporter.
 27580 | Gauntlet | Found a transporter.
 27592 | Gauntlet | Found a transporter.
 27592 | Gauntlet | Found a transporter.
 27595 | Gauntlet | Found a transporter.
 27597 | Gauntlet | Found a large runed translucent door.
 27598 | Gauntlet | Found a large runed translucent door.
 27600 | Gauntlet | Found a runed translucent gate.
 27617 | Gauntlet | Found a transporter.
 27710 | Gauntlet | Found a transporter.
 27712 | Gauntlet | Found a large runed translucent door.
 27713 | Gauntlet | Found a large runed translucent door.
 27714 | Gauntlet | Found a runed translucent door.
 27714 | Gauntlet | Found a large runed translucent door.
 27714 | Gauntlet | Found a large runed translucent door.
 27715 | Gauntlet | Found a large runed translucent door.
 27721 | Gauntlet | Found a large runed translucent door.
 27721 | Gauntlet | Found a large runed translucent door.
 27722 | Gauntlet | Found a large runed translucent door.
 27722 | Gauntlet | Found a large runed translucent door.
 27724 | Gauntlet | Found a runed translucent gate.
 27724 | Gauntlet | Found a runed translucent gate.
 27726 | Gauntlet | Found a transporter.
 27842 | Gauntlet | Found a transporter.
 27861 | Gauntlet | Found a transporter.
 28310 | Gauntlet | Identified the ring of the Archfiend {+Blink rElec rF+ rC+}
 28381 | Gauntlet | Identified the +2 helmet of the Dragon {rElec rPois Will+}
 28430 | Gauntlet | Identified the +4 dire flail of Ymach {vamp, ^Contam rElec
                  | rC++}
 28445 | Gauntlet | Identified the staff of the Dark Horse {rN+ Int+5 Necro}
 28556 | D:12     | Found a roughly hewn altar of Beogh.
 28556 | D:12     | Found a staircase to the Orcish Mines.
 28967 | D:12     | Noticed Frances
 28981 | D:12     | Killed Frances
 30514 | Lair:1   | Identified the ring of the Scavenger {*Corrode rN++ MP+9
                  | Slay+2}
 30719 | D:10     | Reached skill level 15 in Shapeshifting
 30900 | D:10     | Killed a storm dragon
 31099 | Orc:1    | Entered Level 1 of the Orcish Mines
 31099 | Orc:1    | Noticed Snorg
 31134 | D:12     | Killed Snorg
 31357 | Orc:1    | Found a dark tunnel.
 31366 | Volcano  | Entered a volcano
 31401 | Volcano  | Found a large runed translucent door.
 31401 | Volcano  | Found a large runed translucent door.
 31415 | Volcano  | Found a large runed translucent door.
 31416 | Volcano  | Found a large runed translucent door.
 31431 | Volcano  | Found a large runed translucent door.
 31433 | Volcano  | Found a large runed translucent door.
 31456 | Volcano  | Found a large runed translucent door.
 31456 | Volcano  | Found a large runed translucent door.
 31456 | Volcano  | Found a large runed translucent door.
 31457 | Volcano  | Found a large runed translucent door.
 31563 | Volcano  | Found a large runed translucent door.
 31563 | Volcano  | Found a large runed translucent door.
 31598 | Volcano  | Found a large runed translucent door.
 31598 | Volcano  | Found a large runed translucent door.
 31663 | Volcano  | Found a large runed translucent door.
 31663 | Volcano  | Found a large runed translucent door.
 31708 | Volcano  | Found a large runed translucent door.
 31708 | Volcano  | Found a large runed translucent door.
 31839 | Orc:2    | Entered Level 2 of the Orcish Mines
 31840 | Orc:2    | Found a staircase to the Elven Halls.
 32337 | Orc:2    | Noticed Saint Roka
 32356 | Orc:2    | Killed from afar by Saint Roka
 32356 | Orc:2    | Lost a life (0 lives remaining)
 32464 | Orc:2    | Found Deqoror's Assorted Antiques.
 32496 | Orc:2    | Bought a potion of curing for 72 gold pieces
 32496 | Orc:2    | Bought a scroll labelled RUOPNI WOAPN for 24 gold pieces
 32496 | Orc:2    | Bought a wand of mindburst (3) for 100 gold pieces
 32496 | Orc:2    | Bought a lightning rod (4/4) for 960 gold pieces
 32593 | Orc:2    | Killed Saint Roka
 33052 | Orc:2    | Noticed Josephine
 33059 | Orc:2    | Killed Josephine
 33912 | Orc:2    | Found Xugra's Magic Scroll Shop.
 33912 | Orc:2    | Found Hixad's Antique Weapon Emporium.
 33912 | Orc:2    | Found Qiptebon's Antique Weapon Shoppe.
 33915 | Orc:2    | Found Ivokafeg's Magic Scroll Boutique.
 34073 | Orc:2    | Bought a scroll of identify for 32 gold pieces
 34074 | Orc:2    | Bought a scroll of identify for 32 gold pieces
 34074 | Orc:2    | Bought a scroll of identify for 32 gold pieces
 34074 | Orc:2    | Bought a scroll of identify for 32 gold pieces
 34074 | Orc:2    | Bought a scroll of identify for 32 gold pieces
 34074 | Orc:2    | Bought a scroll of amnesia for 64 gold pieces
 34074 | Orc:2    | Bought a scroll of amnesia for 64 gold pieces
 34074 | Orc:2    | Bought a scroll of blinking for 120 gold pieces
 34080 | Orc:2    | Bought a scroll of teleportation for 48 gold pieces
 34080 | Orc:2    | Bought a scroll of poison for 64 gold pieces
 34080 | Orc:2    | Bought a scroll of fear for 64 gold pieces
 34080 | Orc:2    | Bought a scroll of identify for 32 gold pieces
 34080 | Orc:2    | Bought a scroll of immolation for 64 gold pieces
 34265 | Lair:1   | Upgraded the game from 0.32-a0-705-g60f233581c to
                  | 0.32-a0-711-g016ad743e0
 34518 | Spider:1 | Entered Level 1 of the Spider Nest
 34621 | Spider:1 | Identified the ring of Light {Fly rF+++ Will- Slay+2}
 34682 | Spider:1 | Reached XP level 16. HP: 87/87 MP: 14/21
 34682 | Spider:1 | Gained a life (1 life remaining)
 34706 | Spider:1 | Demolished by a radroach
 34706 | Spider:1 | Lost a life (0 lives remaining)
 34754 | Spider:1 | Noticed Azrael
 34809 | Spider:1 | Killed Azrael
 35391 | Spider:1 | HP: 4/87 [radroach (32)]
 35669 | Spider:1 | Identified the +2 robe of Soft Rains {rPois Str+3 Int+4}
 36540 | Spider:1 | Blown up by an orb spider

Illustrated notes

Levels and vault maps discovered:
D:1:      dpeg_arrival_three_bigger_balls, layout_basic, nrook_campfire,
          minmay_misc_feat_ornament, kennysheep_decorative_pillar
D:2:      wad_pebble_path, layout_loops_ring, uniq_jessica
D:3:      layout_loops_ring
D:4:      layout_rooms, serial_curves, eino_curves_03, eino_curves_04,
          eino_curves_02, eino_curves_01, grunt_decor_fettered, st_stairs_6
D:5:      cheibrodos_fertilizer, layout_cave_pools, grunt_decor_junction,
          serial_bayou_crossing
D:6:      layout_rooms, cheibrodos_worm_habitat, minmay_temple_entry_wispy,
          kennysheep_generic_room_6, uniq_jeremiah
D:7:      kennysheep_six_static_rooms, layout_basic
D:8:      minmay_skewed_foursquare, layout_rooms, erik_lair_orcish_takeover,
          serial_shops, shop, enter_bailey_3, serial_corexii_hall,
          corexii_hall_statues_l, chequers_hall_statues_wall_a
D:9:      layout_grid_maze, nicolae_overflow_macrodata_refinement, uniq_pikel,
          uniq_harold
D:10:     layout_roguey, mainiacjoe_overflow_concentric_impassable,
          nicolae_guarded_unrand_storm_shield
D:11:     minmay_the_grid_octo_tiled_squarecenter [minmay_the_grid_octo_focus,
          minmay_the_grid_octo_teeth, minmay_the_grid_octo_thin_diamonds,
          minmay_the_grid_octo_fat_diamond,
          minmay_the_grid_square_5x5_megaprize_open,
          minmay_the_grid_square_5x5_eight_small,
          minmay_the_grid_square_5x5_slash,
          minmay_the_grid_square_5x5_pentomino_r,
          minmay_the_grid_square_5x5_checkered_statues], layout_cave_pools,
          portal_ice_cave_entry_pillars_1
D:12:     hellmonk_ruined_rings, layout_cave_pods, david_orc_5, serial_ice,
          serial_ice_g, serial_ice_n, serial_ice_c, serial_ice_b, serial_ice_m,
          serial_ice_i, serial_ice_a, serial_ice_e, serial_ice_h, serial_ice_f,
          gauntlet_entry_generic, uniq_frances
Temple:   lightli_temple_of_artemis
Lair:1:   gammafunk_indiana_jones, layout_small_grid, st_stairs_9,
          infiniplex_staircase_pool
Lair:2:   layout_regular_city, uniq_urug
Lair:3:   layout_regular_city, swamp_mist, nicolae_spider_entry_tight_spaces
Lair:4:   layout_gridlike, slime_entry_1, infiniplex_staircase_pool_2,
          lemuel_fruit_tree, grunt_megastairs_2, uniq_sonja
Lair:5:   hellmonk_lair_end_abyssal_woods, layout_hall_layers, uniq_nessos
Spider:1: layout_cave_pods, uniq_azrael
Orc:1:    layout_caves, enter_volcano_1, nicolae_orc_found_a_spring, uniq_snorg
Orc:2:    st_orc_rangers, layout_diamond_mine, serial_shops,
          nicolae_shop_behind_doors, uniq_saint_roka, uniq_josephine

Skill      XL: |  1  2  3  4  5  6  7  8  9 10 11 12 13 14 15 16 |
---------------+-------------------------------------------------+-----
Shapeshifting  | 3 4 5 7 8 10 12 14 16 17 | 17.0
Fighting       | 2 3 5 7 9 10 11 | 11.0
Dodging        | 3 4 6 7 9 12 15 18 | 18.0
Stealth        | 1 2 3 4 5 |  5.0
Spellcasting   | 1 2 3 |  3.0
Ice Magic      | 1 2 3 4 |  4.0
Unarmed Combat | 5 6 8 10 11 12 | 12.4
Evocations     | 3 |  3.0

Action                     |  1- 3 |  4- 6 |  7- 9 | 10-12 | 13-15 | 16-18 || total
---------------------------+-------+-------+-------+-------+-------+-------++-------
  Melee: Unarmed           |    84 |   131 |   343 |   643 |  1469 |   194 ||  2864
         Bite              |     6 |    15 |    60 |   104 |   253 |    37 ||   475
         Punch             |     1 |     6 |     7 |    37 |   127 |    16 ||   194
   Cast: Ozocubu's Armour  |       |       |    23 |    67 |   149 |    24 ||   263
         Frozen Ramparts   |       |       |     7 |    84 |    67 |    32 ||   190
 Invoke: Call Merchant     |       |       |       |     1 |     1 |       ||     2
Ability: Evoke Blink       |       |       |       |     1 |       |       ||     1
  Evoke: Wand              |       |       |       |    18 |     5 |    12 ||    35
         Phantom mirror    |       |       |       |     2 |     2 |       ||     4
         Lightning rod     |       |       |       |       |     2 |       ||     2
         Phial of floods   |       |       |       |       |     1 |       ||     1
         Condenser vane    |       |       |       |       |     1 |       ||     1
    Use: Potion            |       |     3 |     1 |     6 |     4 |     3 ||    17
         Scroll            |       |       |     7 |     4 |    11 |       ||    22
   Stab: Sleeping          |     2 |     6 |     6 |     8 |    10 |       ||    32
         Distracted        |       |     1 |       |     7 |     7 |     3 ||    18
         Invisible         |       |       |       |     5 |    12 |       ||    17
 Armour: Skin              |    17 |    32 |    82 |   176 |   250 |    46 ||   603
  Dodge: Dodged            |    56 |    93 |   306 |   776 |  1628 |   255 ||  3114
  Block: Other             |       |    21 |    64 |   139 |   269 |    45 ||   538
         Reflection        |       |     2 |     6 |       |    27 |       ||    35
   Form: Blade             |       |       |     1 |     1 |     1 |       ||     3
         Flux              |       |       |     1 |       |       |       ||     1

Table legend: (Time is in decaauts)
 A = Elapsed time spent in this place.
 B = Non-inter-level travel time spent in this place.
 C = Inter-level travel time spent in this place.
 D = Time resting spent in this place.
 E = Time spent auto-exploring this place.
 F = Levels seen in this place.
 G = Mean time per level.
                   A        B        C        D        E       F      G
               +--------+--------+--------+--------+--------+-----+--------+
         Total |  36268 |  32385 |   3883 |  10496 |   9652 |  25 | 1450.7 |
       Dungeon |  16453 |  14287 |   2166 |   3684 |   6140 |  12 | 1371.1 |
        Temple |     66 |     32 |     34 |      0 |      0 |   1 |   66.0 |
          Lair |  11480 |   9930 |   1550 |   3964 |   2471 |   5 | 2296.0 |
   Spider Nest |   1976 |   1976 |      0 |    998 |    227 |   1 | 1976.0 |
  Orcish Mines |   2547 |   2415 |    132 |    603 |    634 |   2 | 1273.5 |
        Bailey |    878 |    878 |      0 |    360 |     54 |   1 |  878.0 |
      Ice Cave |   1464 |   1464 |      0 |    661 |      0 |   1 | 1464.0 |
       Volcano |    369 |    369 |      0 |      0 |      0 |   1 |  369.0 |
      Gauntlet |   1032 |   1032 |      0 |    224 |    125 |   1 | 1032.0 |
               +--------+--------+--------+--------+--------+-----+--------+

Top non-repeatable levels by time:
  Lair:3: 2853 daAuts
  Lair:1: 2831 daAuts
  Lair:5: 2159 daAuts
  Lair:4: 2043 daAuts
Spider:1: 1976 daAuts
     D:8: 1936 daAuts
     D:9: 1933 daAuts
    D:11: 1895 daAuts
    D:12: 1693 daAuts
  Lair:2: 1591 daAuts
    D:10: 1517 daAuts
     D:7: 1477 daAuts
   IceCv: 1464 daAuts
   Orc:2: 1436 daAuts
     D:5: 1363 daAuts
